 Dungeon Crawl Stone Soup version 0.15.0-13-gb296d5c (console) character file.

2755 gw the Basher (level 9, -2/80 HPs)
             Began as a Minotaur Berserker on Sept 2, 2014.
             Was a Priest of Trog.
             Slain by a wight
             ... wielding a cursed +2 halberd of freezing
              (4 damage)
             ... on Level 8 of the Dungeon.
             The game lasted 00:03:48 (9584 turns).

gw the Basher (Minotaur Berserker)                  Turns: 9584, Time: 00:03:48

HP  -2/80        AC 14     Str 23      XL: 9   Next: 41%
MP   4/4         EV  6     Int  4      God: Trog [***...]
Gold 0           SH  0     Dex 12      Spells:  0 memorised,  8 levels left

rFire  . . .     SeeInvis .     k - +1 flail
rCold  . . .     Clarity  .     a - +0 plate armour
rNeg   . . .     rCorr    .     (no shield)
rPois  .         rRot     .     (helmet restricted)
rElec  .         Spirit   .     (no cloak)
SustAb .         Warding  .     e - +0 pair of gloves
rMut   .         Stasis   .     (no boots)
Gourm  .                        (no amulet)
MR     ++...                    (no ring)
                                (no ring)

@: regenerating, drained, very resistant to hostile enchantments, extremely
unstealthy
A: retaliatory headbutt, horns 2
a: Burn Spellbooks, Berserk, Trog's Hand, Renounce Religion


You were on level 8 of the Dungeon.
You worshipped Trog.
Trog was most pleased with you.
You were not hungry.

You visited 1 branch of the dungeon, and saw 8 of its levels.

Inventory:

Hand weapons
 k - a +1 flail (weapon)
Missiles
 b - 4 steel javelins
 d - 260 stones (quivered)
 j - 3 javelins
 n - 7 javelins of penetration
 p - 6 tomahawks of returning
 q - 4 silver javelins
 t - 2 tomahawks
Armour
 a - a +0 plate armour (worn)
 e - a +0 pair of gloves (worn)
Magical devices
 l - a wand of cold (1)
Comestibles
 c - 3 bread rations
 f - 3 beef jerkies
 g - 2 meat rations
 o - a slice of pizza
Scrolls
 h - 8 scrolls of identify
 i - a scroll of remove curse
 m - a scroll of immolation
 r - a scroll of recharging
Potions
 w - a potion of heal wounds


   Skills:
 + Level 7.7(7.0) Fighting
 * Level 10.4(9.6) Maces & Flails
 + Level 5.6(4.9) Throwing
 + Level 7.4(6.7) Armour
 - Level 2.1(1.6) Dodging


You had 8 spell levels left.
You didn't know any spells.

Dungeon Overview and Level Annotations

Branches:
Dungeon (8/15)             Temple (0/1) D:5
   Lair: D:8-11

Altars:
Cheibriados
Fedhas
Sif Muna
Xom


Innate Abilities, Weirdness & Mutations

You reflexively headbutt those who attack you in melee.
You have a pair of horns on your head.


Message History

The wight hits you but does no damage. The orc barely misses you.
You hear the faint creaking of a distant oriflamme.
The wight hits you from afar with a halberd of freezing.
You feel drained. The wight freezes you.
The wight hits you with a glowing short sword.
The wight hits you with a runed war axe.
The orc hits you but does no damage.
The wight hits you but does no damage. x2
The orc hits you but does no damage. The wight hits you but does no damage.
You feel the effects of Trog's Hand fading.
The wight hits you but does no damage. The orc hits you but does no damage.
The wight hits you from afar with a halberd of freezing.
The wight freezes you.
The wight hits you with a runed war axe!
You feel drained.
The wight hits you with a glowing short sword.
The orc hits you but does no damage.
The wight hits you from afar with a halberd of freezing!
The wight freezes you.
You die...

...............# #.....
.............## ####.....
.............# ###.......(
............## #.........<
...........########..........
.........:...................
..........z....[.............
............o...........>....
...........zH....# ##.......
...........z...### #.......
..#.........### #....... .
##.......## #.# #.......
###...### #...##....... ###..
#.....#....... ##.
.............## ##
#..............#
#...............#


You could see 3 wights and an orc.

Table legend:
 A = Turns spent in this place as a percentage of turns spent in the entire game.
 B = Non-inter-level travel turns spent in this place as a percentage of non-inter-level travel turns spent in the entire game.
 C = Inter-level travel turns spent in this place as a percentage of turns spent in this place.
 D = Turns resting spent in this place as a percentage of non-inter-level travel turns spent in this place.
 E = Turns spent auto-exploring this place as a percentage of non-inter-level travel turns spent in this place.
 F = Non-inter-level travel turns spent in this place divided by the number of levels of this place that you've seen.
                   A       B       C       D       E      F
               +-------+-------+-------+-------+-------+----------------------
         Total | 100.0 | 100.0 |   1.3 |   9.3 |  20.0 | 237.5
       Dungeon | 100.0 | 100.0 |   1.3 |   9.3 |  20.0 | 237.5
               +-------+-------+-------+-------+-------+----------------------

Table legend:
 A = Kills in this place as a percentage of kills in entire the game.
 B = Kills by you in this place as a percentage of kills by you in the entire game.
 C = Kills by friends in this place as a percentage of kills by friends in the entire game.
 D = Other kills in this place as a percentage of other kills in the entire game.
 E = Experience gained in this place as a percentage of experience gained in the entire game.
 F = Experience gained in this place divided by the number of levels of this place that you have seen.
                   A       B       C       D       E      F
               +-------+-------+-------+-------+-------+----------------------
         Total | 100.0 | 100.0 | 100.0 |  -nan | 100.0 | 492.1
       Dungeon | 100.0 | 100.0 | 100.0 |  -nan | 100.0 | 492.1
               +-------+-------+-------+-------+-------+----------------------

Vanquished Creatures
  A wyvern (D:8)
  A hungry ghost (D:8)
  A black bear (D:6)
  A sky beast (D:5)
  An ogre (D:6)
  An orc warrior (D:6)
  A centaur (D:5)
  A wyvern zombie (D:6)
  5 giant frogs
  3 scorpions
  A hippogriff skeleton (D:6)
  4 killer bees (D:7)
  2 goliath beetles (D:7)
  3 crimson imps
  4 orc priests
  3 hounds
  An iguana (D:6)
  6 orc wizards
  4 worker ants
  Ijyb (D:4)
  2 ogre zombies
  9 adders
  13 gnolls
  An orc zombie (D:7)
  2 giant mites
  4 worms
  5 giant geckos
  An ooze (D:2)
  17 orcs
  14 bats
  3 giant cockroaches (D:2)
  14 goblins
  11 hobgoblins
  10 jackals
  9 kobolds
  4 quokkas
  2 ball pythons
  4 giant newts
  A goblin skeleton (D:5)
  A kobold zombie (D:6)
  An orc skeleton (D:7)
  27 rats
  A rat zombie (D:5)
  A butterfly (D:5)
202 creatures vanquished.

Vanquished Creatures (collateral kills)
  An ogre (D:4)
  A giant frog (D:7)
  4 killer bees (D:7)
  A hound (D:4)
  An adder (D:4)
  A hobgoblin (D:4)
  A goblin (D:4)
10 creatures vanquished.

Grand Total: 212 creatures vanquished

Notes
Turn   | Place    | Note
--------------------------------------------------------------
     0 | D:1      | gw, the Minotaur Berserker, began the quest for the Orb.
     0 | D:1      | Reached XP level 1. HP: 19/19 MP: 1/1
   178 | D:1      | Reached skill level 4 in Maces & Flails
   248 | D:1      | Reached XP level 2. HP: 20/27 MP: 1/1
   722 | D:1      | Acquired Trog's second power
   773 | D:1      | Reached skill level 1 in Throwing
   939 | D:1      | Reached XP level 3. HP: 28/33 MP: 2/2
  1380 | D:2      | Found a snail-covered altar of Cheibriados.
  1888 | D:2      | Reached XP level 4. HP: 40/40 MP: 2/2
  2037 | D:2      | Reached skill level 5 in Maces & Flails
  2571 | D:3      | Reached XP level 5. HP: 28/47 MP: 2/2
  2813 | D:3      | Reached XP level 6. HP: 35/55 MP: 3/3
  2983 | D:3      | Acquired Trog's third power
  3320 | D:4      | Reached skill level 5 in Fighting
  3320 | D:4      | Reached skill level 6 in Maces & Flails
  3905 | D:4      | Reached XP level 7. HP: 61/61 MP: 3/3
  4670 | D:4      | Noticed Ijyb
  4684 | D:4      | Killed Ijyb
  4820 | D:5      | Entered Level 5 of the Dungeon
  4827 | D:5      | Found a staircase to the Ecumenical Temple.
  4853 | D:5      | Found a shimmering altar of Xom.
  5030 | D:5      | Received a gift from Trog
  5030 | D:5      | Reached skill level 7 in Maces & Flails
  5119 | D:5      | Reached skill level 5 in Armour
  5989 | D:6      | Found a blossoming altar of Fedhas.
  6066 | D:6      | Found a sand-covered staircase.
  6095 | D:6      | Reached skill level 8 in Maces & Flails
  6162 | D:6      | Reached XP level 8. HP: 63/70 MP: 3/3
  6618 | D:6      | Found a deep blue altar of Sif Muna.
  7290 | D:6      | Reached skill level 9 in Maces & Flails
  7641 | D:6      | Received a gift from Trog
  8285 | D:7      | Reached skill level 5 in Throwing
  8648 | D:7      | Reached XP level 9. HP: 32/79 MP: 4/4
  8727 | D:7      | Received a gift from Trog
  9264 | D:7      | Reached skill level 10 in Maces & Flails
  9584 | D:8      | HP: 2/80 [wight/halberd of freezing (7)]
  9584 | D:8      | Slain by a wight

Action                   |  1- 3 |  4- 6 |  7- 9 || total
-------------------------+-------+-------+-------++-------
Melee: Mace              |    87 |    44 |       ||   131
       Flail             |       |    56 |   284 ||   340
Throw: Stone             |    71 |    86 |   220 ||   377
Invok: Berserk           |       |     3 |     6 ||     9
       Trog's Hand       |       |     4 |     2 ||     6
       Brothers in Arms  |       |     1 |     5 ||     6
Evoke: Wand              |       |     1 |       ||     1
  Use: Scroll            |     4 |     5 |     7 ||    16
       Potion            |     1 |     3 |     5 ||     9
  Eat: Chunk             |     3 |     6 |    14 ||    23
       Bread ration      |       |     1 |     3 ||     4

Vault maps used:
D:1:      erik_arrival_orb_chamber, kennysheep_crisscross
D:2:      first_bread, grunt_decor_mini_mirrors, amethyst_srp_altar,
          uniq_crazy_yiuf_cottage
D:4:      kennysheep_goblin_castle
D:5:      lemuel_round_altar, minmay_temple_entry_butterflies
D:6:      kennysheep_mini, nicolae_overflow_hidden_temple,
          nicolae_ossuary_entry_monument
D:8:      gammafunk_temple_overflow_statue, enter_bailey_3
